AoeStats
← PiscoCAPEL777

Oasis

507132624Analyzed
3v3 RM · 16d ago on Sep 16, 2026· 25m 51s· 6 players
Game mode
Random Map
Map size
Normal (6 player)
Population
200
Speed
Normal
Resources
Standard
Victory
Conquest
Starting age
Dark Age
Ending age
Imperial Age
RankedLock teamsTeams togetherTeam positionsShared explorationLock speedFull tech treeHidden civsTurbo modeCheats
Victory
Defeat
🇹🇷 Ethiopians · Türkiye
1035
+14
🇹🇷 Magyars · Türkiye
1013
+15
🇹🇷 Aztecs · Türkiye
956
+17
🇨🇱 Hindustanis · Chile
1010
-16
🇨🇱 Mongols · Chile
977
-15
🇨🇱 Burgundians · Chile
967
-15
PiscoCAPEL777
10:05 Feudal Age
27:43 Castle Age
ivakke
12:03 Feudal Age
16:08 Loom
18:59 Double-Bit Axe
nicovc00
6:05 Double-Bit Axe
9:45 Loom
12:06 Feudal Age
14:05 Bow Saw
20:41 Horse Collar
23:14 Forging
23:05 Gold Mining
26:04 Castle Age
urcanaydemir
6:45 Loom
9:56 Feudal Age
10:26 Double-Bit Axe
15:31 Fletching
16:27 Padded Archer Armor
23:45 Castle Age
24:16 Gold Mining
24:08 Horse Collar
23:58 Crossbowman
24:54 Bodkin Arrow
25:07 Thumb Ring
25:51 Wheelbarrow
Rommel Paşa
6:17 Loom
11:10 Feudal Age
13:09 Double-Bit Axe
21:31 Castle Age
19:50 Forging
20:45 Horse Collar
21:31 Scale Mail Armor
21:32 Stone Mining
23:44 Iron Casting
24:11 Wheelbarrow
23:41 Eagle Warrior
24:23 Squires
Alkarin
6:07 Loom
10:15 Feudal Age
11:59 Double-Bit Axe
15:37 Bloodlines
17:45 Horse Collar
18:19 Scale Barding Armor
25:23 Castle Age
26:10 Husbandry
Connection lost

Rejoining the realm…

Still unreachable

The connection could not be restored.

Session expired

The server has moved on; the page needs a fresh start.